 Dungeon Crawl Stone Soup version 0.21-a0-531-gacddea6 (webtiles) character file.

27 slep the Chopper (level 3, 0/18 HPs)
             Began as a Vine Stalker Gladiator on Dec 13, 2017.
             Succumbed to an adder's poison
             ... on level 2 of the Dungeon.
             The game lasted 00:02:57 (849 turns).

slep the Chopper (Vine Stalker Gladiator)            Turns: 849, Time: 00:02:58

Health: 0/18       AC:  9    Str: 16    XL:     3   Next: 10%
Magic:  3/3        EV: 13    Int:  9    God:
Gold:   57         SH:  0    Dex: 15    Spells: 2/2 levels left

rFire    . . .     SeeInvis .   a - +0 war axe
rCold    . . .     Gourm    .   (no shield)
rNeg     . . .     Faith    .   b - +0 leather armour
rPois    .         Spirit   +   c - +0 helmet
rElec    .         Reflect  .   (no cloak)
rCorr    .         Harm     .   n - +2 pair of gloves
MR       .....                  (no boots)
Stlth    ..........             (no amulet)
HPRegen  0.06/turn              i - ring of loudness (curse)
MPRegen  0.08/turn              (no ring)

@: lethally poisoned (0 -> -6), flying
A: fangs 2, yellow scales 1, blurry vision 1, low mp 1, magic shield, antimagic
bite, no potion heal 3, rot immunity
a: no special abilities


You were on level 2 of the Dungeon.
You were not hungry.

You visited 1 branch of the dungeon, and saw 2 of its levels.

You collected 57 gold pieces.

Inventory:

Hand Weapons
 a - a +0 war axe (weapon)
Missiles
 d - 3 throwing nets (quivered)
Armour
 b - a +0 leather armour (worn)
 c - a +0 helmet (worn)
 n - a +2 pair of gloves (worn)
Jewellery
 i - a cursed ring of loudness (left hand)
Scrolls
 e - 3 scrolls of teleportation {unknown}
 g - a scroll of amnesia {unknown}
 h - 2 scrolls of identify {unknown}
 m - a scroll of magic mapping {unknown}
 o - a scroll of fog {unknown}
 p - a scroll of noise {unknown}
Potions
 r - a potion of mutation
Comestibles
 f - 2 bread rations
 j - 2 meat rations
 q - 4 fruits


   Skills:
 + Level 2.0 Fighting
 + Level 3.0 Axes
 + Level 2.0 Throwing
 + Level 2.9 Dodging


You had 2 spell levels left.
You didn't know any spells.

Dungeon Overview and Level Annotations

Branches:
Dungeon (2/15)

Altars:


Innate Abilities, Weirdness & Mutations

You have extremely sharp teeth.
When hurt, damage is shared between your health and your magic reserves.
Your bite disrupts and absorbs the magic of your enemies.
Potions cannot restore your health.
You are immune to rotting.
You are partially covered in yellow scales. (AC +2)
Scrolls take you a little longer to read.
Your magical capacity is low. (-10% MP)


Message History

* * * LOW HITPOINT WARNING * * *
The adder bites you but does no damage.
You miss the adder.
The adder is almost dead.
* * * LOW HITPOINT WARNING * * *
You feel sick. The adder barely misses you.
It was a potion of heal wounds.
That seemed strangely inert.
The adder barely misses you. The adder misses you.
It was a potion of flight.
You feel very buoyant.
You fly up into the air.
* * * LOW HITPOINT WARNING * * *
You feel sick. The adder barely misses you.
It was a potion of mutation.
You feel extremely strange.
You feel less energetic.
Your vision blurs.
Yellow scales grow over part of your body.
The adder completely misses you.
You miss the adder. You bite the adder, but do no damage.
The adder is almost dead.
You die...

.. #.. #.##.# ..#.#
#.#.# ##...## #....$ #
#.S#####.# #.@......#
#..##.####.##
#..##.......<
#..##.####### ##
##.#.>...#...... ..
...............#####.#
#...##.##.###........
#... #.†..# #........
#... #.#######.#.##..


You could see an adder.

Vanquished Creatures
  2 dart slugs (D:1)
  A giant cockroach (D:1)
  2 hobgoblins
  4 jackals (D:1)
  4 bats
  A goblin (D:1)
  5 kobolds (D:1)
  3 rats
  A bush (D:1)
  A plant (D:1)
24 creatures vanquished.

Notes
Turn   | Place    | Note
-------+----------+-------------------------------------------
     0 | D:1      | slep the Vine Stalker Gladiator began the quest for the Orb.
     0 | D:1      | Reached XP level 1. HP: 11/11 MP: 2/2
   139 | D:1      | Reached XP level 2. HP: 14/15 MP: 3/3
   420 | D:1      | Reached skill level 3 in Axes
   614 | D:1      | Reached XP level 3. HP: 18/18 MP: 4/4
   848 | D:2      | Gained mutation: Your magical capacity is low. (-10% MP) [potion of mutation]
   848 | D:2      | Gained mutation: Scrolls take you a little longer to read. [potion of mutation]
   848 | D:2      | Gained mutation: You are partially covered in yellow scales. (AC +2) [potion of mutation]
   849 | D:2      | Succumbed to an adder's poison

Vault maps used:
D:1:      dpeg_arrival_line_fractal, serial_forest,
          infiniplex_forest_straight_3, infiniplex_forest_lined_corner,
          infiniplex_forest_clump_tiny, infiniplex_forest_clump_double,
          infiniplex_forest_clump_medium, infiniplex_forest_straight_2,
          infiniplex_forest_lined_1, infiniplex_forest_end_1,
          infiniplex_forest_lined_room_

Skill      XL: |  1  2 |
---------------+-------+-----
Throwing       | 2 |  2.0
Axes           | 3 |  3.0
Fighting       | 2 |  2.0
Dodging        | |  2.9

Action                   || total
-------------------------++-------
Melee: War axe           ||   133
       Bite              ||    53
  Use: Potion            ||     3
Armor: Leather armour    ||    28
Dodge: Dodged            ||    73

Table legend:
 A = Spawn XP
 B = Non-spawn XP
 C = Spawn XP percentage of total XP
 D = Spawn monster count
 E = Non-spawn monster count
 F = Spawn count percentage of total count
 G = Total turns spent on level
                    A         B        C        D         E        F      G
               +---------+---------+-------+---------+---------+-------+---------
         Total |       0 |      39 |   0.0 |       0 |      22 |   0.0 |   849
               +---------+---------+-------+---------+---------+-------+---------
           D:1 |       0 |      34 |   0.0 |       0 |      19 |   0.0 |   717
           D:2 |       0 |       5 |   0.0 |       0 |       3 |   0.0 |   132
               +---------+---------+-------+---------+---------+-------+---------
